 Dungeon Crawl Stone Soup version 0.18-a0-845-gc59c8fa (webtiles) character file.

9299 MIC132 the Quickloader (level 11, 0/87 HPs)
             Began as a Demonspawn Hunter on Dec 19, 2015.
             Was a Priest of Okawaru.
             Slain by bullock's ghost (3 damage)
             ... on level 1 of the Lair of Beasts.
             The game lasted 00:36:46 (15041 turns).

MIC132 the Quickloader (Demonspawn Hunter)         Turns: 15041, Time: 00:36:46

Health: 0/87       AC: 18    Str: 14    XL:     11   Next: 21%
Magic:  15/15      EV:  6    Int: 14    God:    Okawaru [***...]
Gold:   557        SH:  0    Dex: 14    Spells: 0 memorised, 10 levels left

rFire  . . .     SeeInvis .     b - +0 quarterstaff
rCold  . . .     Gourm    .     v - +0 chain mail
rNeg   . . .     Faith    .     (shield currently unavailable)
rPois  .         Spirit   .     (helmet unavailable)
rElec  .         Dismiss  .     x - +0 cloak
rCorr  .         Reflect  .     (no gloves)
SustAt .         Harm     .     o - +1 pair of boots {Fly}
MR     .....                    (no amulet)
Stlth  ..........               (no ring)
                                u - ring of stealth

@: very heavily drained, not resistant to hostile enchantments, extremely
unstealthy
A: horns 3, rough black scales 2, clever 1, demonic guardian 1, powered by pain
1
a: Heroism, Renounce Religion, Evoke Flight


You were on level 1 of the Lair of Beasts.
You worshipped Okawaru.
Okawaru was most pleased with you.
You were not hungry.

You visited 3 branches of the dungeon, and saw 12 of its levels.

You collected 735 gold pieces.
You spent 178 gold pieces at shops.

Inventory:

Hand Weapons
 a - a +2 hand crossbow
 b - a +0 quarterstaff (weapon)
Armour
 o - a +1 pair of boots of flying (worn)
 v - a +0 chain mail (worn)
 x - a +0 cloak (worn)
 C - a +0 plate armour
Jewellery
 m - a cursed -2 ring of protection {unknown}
 u - a ring of stealth (left hand)
Wands
 c - a wand of magic darts (25/48)
 r - a wand of slowing (28/48)
 A - a wand of teleportation (2/9)
Scrolls
 i - 2 scrolls of amnesia
 k - 7 scrolls of teleportation
 l - a scroll of magic mapping
 n - a scroll of fog
 y - 3 scrolls of remove curse
 D - a scroll of enchant armour
 E - a scroll of blinking
Potions
 g - 6 potions of curing
 h - 4 potions of might
 j - a potion of agility
 q - 4 potions of brilliance
 F - a potion of degeneration {unknown}
Miscellaneous
 e - a phantom mirror
 t - a legendary deck of war {drawn: 2}
Comestibles
 f - 4 bread rations
 p - 13 fruits
 s - a beef jerky
 w - 2 meat rations
 z - a royal jelly
 B - a slice of pizza


   Skills:
 + Level 8.4(2.2) Fighting
 * Level 11.1(4.5) Crossbows
 + Level 7.3(1.3) Armour
 + Level 7.7(1.6) Dodging
 - Level 0.8(0.0) Stealth
 + Level 5.3(0.0) Invocations


You had 10 spell levels left.
You didn't know any spells.

Dungeon Overview and Level Annotations

Branches:
Dungeon (10/15)            Temple (1/1) D:6            Lair (1/8) D:10
    Orc (0/2) D:10

Altars:
Ashenzari
Cheibriados
Dithmenos
Elyvilon
Fedhas
Gozag
Kikubaaqudgha
Makhleb
Nemelex Xobeh
Okawaru
Pakellas
Qazlal
Ru
Sif Muna
Trog
Vehumet
Xom
Yredelemnul
Zin
The Shining One

Shops:
D:4 *   D:7 !   D:8 *   D:9 *   D:10 !

Annotations:
Lair:1 bullock's ghost, journeyman HESk


Innate Abilities, Weirdness & Mutations

You have a pair of large horns on your head.
You are mostly covered in rough black scales (AC +7, Dex -2).
A weak demonic guardian rushes to your aid.
You sometimes gain a little power by taking damage.
Your mind is acute. (Int +2)


Message History

Your white imp hits bullock's ghost but does no damage.
Bullock's ghost hits you but does no damage.
You feel drained.
You closely miss bullock's ghost. Your headbutt misses bullock's ghost.
Bullock's ghost is heavily damaged.
Your white imp gestures at bullock's ghost.
The puff of frost hits bullock's ghost.
Bullock's ghost hits your white imp!!
Your white imp dies!
You hit bullock's ghost but do no damage.
Bullock's ghost is heavily damaged.
Bullock's ghost hits you!
* * * LOW HITPOINT WARNING * * *
You feel drained.
You miss bullock's ghost.
Bullock's ghost is heavily damaged.
Bullock's ghost barely misses you. x2
Your chain mail prevents you from hitting bullock's ghost.
Bullock's ghost is heavily damaged.
Bullock's ghost hits you.
You die...

...... #........
#.....##.....#.. ..
#.....#......... ....
......#......#... .....
######........#.+###..#..
#..#.###.................
.........................
.........................
................@........
................W.#.##..
..............##.##.##
###.#.###.....##.(...#..
#.#.###.....##........
.....#.............#..
...... ##......((.(.##
#.... #.....####### [.
#.....##.###.P


You could see bullock's ghost.

Vanquished Creatures
  An elephant (D:10)
  A spiny frog (Lair:1)
  3 komodo dragons (Lair:1)
  Grinder (D:6)
  9 yaks (D:10)
  2 hungry ghosts
  A hippogriff (D:9)
  2 porcupines (Lair:1)
  3 sky beasts
  A water moccasin (D:8)
  A black bear (D:6)
  An eye of draining (D:10)
  A phantom (D:6)
  2 orc warriors
  A necrophage (D:8)
  3 ice beasts (D:7)
  2 centaurs (D:6)
  4 ogres
  2 crocodiles (D:10)
  7 giant frogs
  6 killer bees (D:8)
  3 scorpions
  4 wights (D:9)
  4 crimson imps
  3 centaur zombies
  2 orc priests
  2 jellies
  11 orc wizards
  A giant frog skeleton (D:7)
  An iguana (D:6)
  9 worker ants
  6 gnolls
  19 adders
  4 shadow imps
  2 oozes
  2 adder skeletons
  4 worms
  4 giant geckos
  33 orcs
  5 giant cockroaches
  8 hobgoblins
  9 jackals
  3 quokkas
  A ball python skeleton (D:5)
  4 bats
  A giant gecko skeleton (D:4)
  8 giant newts
  2 goblins
  4 kobolds
  A quokka skeleton (D:7)
  9 rats
223 creatures vanquished.

Vanquished Creatures (collateral kills)
  Menkaure (D:4)
  An orc warrior (D:7)
  A water moccasin (D:5)
  An orc priest (D:4)
  An orc wizard (D:5)
  2 worker ants (D:5)
  A gnoll (D:2)
  3 orcs
  2 kobolds (D:2)
13 creatures vanquished.

Grand Total: 236 creatures vanquished

Notes
Turn   | Place    | Note
--------------------------------------------------------------
     0 | D:1      | MIC132 the Demonspawn Hunter began the quest for the Orb.
     0 | D:1      | Reached XP level 1. HP: 16/16 MP: 1/1
   663 | D:1      | Gained mutation: A weak demonic guardian rushes to your aid. [demonic ancestry]
   663 | D:1      | Reached XP level 2. HP: 22/22 MP: 2/2
  1381 | D:2      | Reached skill level 4 in Crossbows
  1381 | D:2      | Reached XP level 3. HP: 28/28 MP: 3/3
  1383 | D:2      | Reached skill level 1 in Armour
  1545 | D:2      | Gained mutation: You have a pair of small horns on your head. [demonic ancestry]
  1545 | D:2      | Reached XP level 4. HP: 34/34 MP: 4/4
  2977 | D:3      | Found a snail-covered altar of Cheibriados.
  3052 | D:3      | Reached XP level 5. HP: 19/41 MP: 5/5
  3613 | D:4      | Noticed Menkaure
  3614 | D:4      | Found Xuzutup's Elemental Accessories.
  3619 | D:4      | Killed Menkaure
  3619 | D:4      | Reached skill level 5 in Crossbows
  3624 | D:4      | Gained mutation: You have a pair of horns on your head. [demonic ancestry]
  3624 | D:4      | Reached XP level 6. HP: 47/47 MP: 6/6
  4843 | D:5      | Entered Level 5 of the Dungeon
  5317 | D:5      | Noticed a water moccasin
  5340 | D:5      | Gained mutation: You are partially covered in rough black scales (AC +4, Dex -1). [demonic ancestry]
  5340 | D:5      | Reached XP level 7. HP: 40/52 MP: 7/7
  5631 | D:5      | Reached skill level 6 in Crossbows
  7032 | D:5      | Found a sparkling altar of Nemelex Xobeh.
  7032 | D:5      | Found a stormy altar of Qazlal.
  7210 | D:6      | Noticed Grinder
  7236 | D:6      | Reached XP level 8. HP: 15/61 MP: 8/8
  7244 | D:6      | Killed Grinder
  7616 | D:6      | Found a staircase to the Ecumenical Temple.
  7646 | D:6      | Reached skill level 7 in Crossbows
  7652 | D:6      | Reached skill level 5 in Fighting
  7711 | D:6      | Reached skill level 10 in Crossbows
  7711 | D:6      | Gained mutation: You are mostly covered in rough black scales (AC +7, Dex -2). [demonic ancestry]
  7711 | D:6      | Reached XP level 9. HP: 66/72 MP: 9/9
  7762 | Temple   | Entered the Ecumenical Temple
  7768 | Temple   | Became a worshipper of Warmaster Okawaru
  7822 | D:6      | Got a translucent jade ring
  7912 | D:6      | Found a glowing golden altar of the Shining One.
  8196 | D:6      | Found a glowing silver altar of Zin.
  8301 | D:7      | Reached skill level 1 in Invocations
  8380 | D:7      | Reached * piety under Okawaru
  8567 | D:7      | Identified the ring of Joofrun {Fire rPois Str+6} (You found it on level 6 of the Dungeon)
  8570 | D:7      | Gained mutation: Your mind is acute. (Int +2) [potion of beneficial mutation]
  8688 | D:7      | Found Kainkeit's Distillery.
  9151 | D:7      | Gained mutation: You have a pair of large horns on your head. [demonic ancestry]
  9151 | D:7      | Reached XP level 10. HP: 74/79 MP: 8/11
 10298 | D:8      | Found Ofoe's Assorted Antiques.
 11678 | D:9      | Found Laskoh's Assorted Antiques.
 11687 | D:9      | Bought a pair of runed boots for 94 gold pieces
 11687 | D:9      | Bought a quarterstaff for 84 gold pieces
 11902 | D:9      | Reached ** piety under Okawaru
 12336 | D:10     | Entered Level 10 of the Dungeon
 12364 | D:10     | Noticed an elephant
 12365 | D:10     | Found a staircase to the Lair.
 12383 | D:10     | Killed an elephant
 12592 | D:10     | Found a staircase to the Orcish Mines.
 12623 | D:10     | Found Tepuoh's Distillery.
 13726 | D:10     | Reached *** piety under Okawaru
 13726 | D:10     | Gained mutation: You sometimes gain a little power by taking damage. [demonic ancestry]
 13726 | D:10     | Reached XP level 11. HP: 48/86 MP: 14/14
 13735 | D:10     | Reached skill level 11 in Crossbows
 13746 | D:10     | HP: 3/86 [something (6)]
 13749 | D:10     | Reached skill level 5 in Invocations
 14175 | Lair:1   | Entered Level 1 of the Lair of Beasts
 15000 | Lair:1   | Noticed bullock's ghost (journeyman HESk)
 15039 | Lair:1   | HP: 3/87 [bullock's ghost (7)]
 15041 | Lair:1   | Slain by bullock's ghost

Vault maps used:
D:1:      minmay_arrival_nine_rooms, corexii_corridor_pit
D:2:      first_bread
D:3:      cheibriados_altar_1
D:4:      serial_corexii_hall, corexii_hall_statues_l, corexii_hall_statues_s,
          corexii_hall_statues_i, corexii_hall_statues_x,
          nicolae_elemental_shop, uniq_menkaure
D:5:      gammafunk_temple_overflow_pools, grunt_ministairs_4
D:6:      lemuel_doored_altar, zin_treasury, minmay_temple_entry_mist,
          uniq_grinder
D:7:      serial_shops, shop
D:8:      serial_shops, nicolae_shop_overgrown_old_shop
D:9:      serial_shops, shop
D:10:     david_lair_generic, orc_0_dummy, serial_shops, nicolae_shop_waterfront
Temple:   nicolae_temple_no_exploring_needed
Lair:1:   grunt_megastairs_2, uniq_erica

Action                   |  1- 3 |  4- 6 |  7- 9 | 10-12 || total
-------------------------+-------+-------+-------+-------++-------
Melee: Short sword       |    86 |   288 |   165 |   198 ||   737
       Quarterstaff      |       |       |       |   174 ||   174
       Unarmed           |       |       |       |    10 ||    10
 Fire: Hand crossbow     |    21 |    18 |   178 |   159 ||   376
Invok: Heroism           |       |       |     1 |     3 ||     4
 Abil: Stop Flying       |       |       |       |     1 ||     1
Evoke: Deck              |       |       |       |     2 ||     2
  Use: Scroll            |     5 |     4 |     6 |     2 ||    17
       Potion            |       |     2 |     4 |     1 ||     7
 Stab: Sleeping          |     1 |     5 |       |       ||     6
  Eat: Chunk             |     2 |    12 |     1 |    13 ||    28
       Meat ration       |       |       |     2 |       ||     2
       Bread ration      |       |       |     1 |     2 ||     3
       Pizza             |       |       |       |     2 ||     2
